 Dungeon Crawl Stone Soup version 0.28-a0-43-g560ac104fe (webtiles) character file.

Game seed: 1464772977324405741

6 Spectrina the Sneak (level 1, -1/13 HPs)
             Began as a Deep Elf Delver on July 28, 2021.
             Was an Initiate of Cheibriados.
             Slain by a lemure (7 damage)
             ... led by Pikel
             ... on level 6 of the Dungeon.
             The game lasted 00:00:49 (36 turns).

Spectrina the Sneak (Deep Elf Delver)                 Turns: 36, Time: 00:00:50

Health: -1/13      AC:  3    Str: 10    XL:     1   Next: 75%
Magic:  3/4        EV: 12    Int: 15    God:    Cheibriados [......]
Gold:   0          SH:  0    Dex: 17    Spells: 0/0 levels left

rFire   . . .      SeeInvis .   a - +0 short sword
rCold   . . .      Faith    .   (no shield)
rNeg    . . .      Spirit   .   b - +0 leather armour
rPois   .          Reflect  .   (no helmet)
rElec   .          Harm     .   (no cloak)
rCorr   .          Rampage  .   (no gloves)
Will    .....                   (no boots)
Stlth   +++.......              (no amulet)
HPRegen 0.04/turn               (no ring)
MPRegen 0.09/turn               (no ring)

@: very slow
A: no striking features
a: Renounce Religion, Bend Time


You were on level 6 of the Dungeon.
You worshipped Cheibriados.
Cheibriados was noncommittal.
You visited 1 branch of the dungeon, and saw 2 of its levels.

Inventory:

Hand Weapons
 a - a +0 short sword (weapon)
Armour
 b - a +0 leather armour (worn)
Wands
 g - a wand of digging (3)
 h - a wand of flame (12)
Scrolls
 c - a scroll of fog
 d - a scroll of magic mapping
 e - a scroll of fear
Potions
 f - a potion of haste


   Skills:
 - Level 2.4 Fighting
 - Level 2.0 Short Blades
 - Level 2.4 Dodging
 - Level 6.0 Stealth
 + Level 1.5 Invocations


You couldn't memorise any spells.
You didn't know any spells.
Your spell library was empty.

Dungeon Overview and Level Annotations

Branches:
Dungeon (6/15)
 Temple: D:4-7

Altars:
Cheibriados

Annotations:
D:6 Pikel


Message History

You kill the orc!
Cheibriados appreciates the change of pace.
An orc comes into view. It is wielding a +0 short sword.
There is a stone staircase leading up here.
Unknown command.
Found an encrusted glass wand and 4 gold pieces.
You hit the orc.
The orc is moderately wounded.
The orc hits you with a +0 hand axe.
You barely miss the orc.
The orc is moderately wounded.
The orc hits you with a +0 hand axe.
Aiming: Throw Flame
Press: ? - help, Shift-Dir - straight line, f - orc
Aim: an orc, wielding a +0 hand axe (moderately wounded, 68% to hit)
The puff of flame misses the orc.
The puff of flame hits the orc!
You kill the orc!
Cheibriados appreciates the change of pace.
The orc closely misses you.
Your Invocations skill increases to level 1!
Unknown command.
Aiming: Throw Flame
Press: ? - help, Shift-Dir - straight line, f/p - orc
Aim: an orc, wielding a +0 hand axe (moderately wounded, 68% to hit)
The puff of flame hits the orc!
You kill the orc!
Cheibriados appreciates the change of pace.
Pikel the Slaver comes into view.
He is wielding a +0 whip of flaming.
The lemure misses you.
Unknown command.
Aiming: Throw Flame
Press: ? - help, Shift-Dir - straight line, f - Pikel
Aim: Pikel, wielding a +0 whip of flaming and wearing a +0 robe (wandering, hasn't noticed you, 60% to hit)
The puff of flame hits Pikel!
Pikel is lightly wounded.
Pikel shouts!
The orc warrior hits you from afar with a +0 trident.
The lemure hits you!
Ouch! That really hurt!
You die...

. ... #.
...o5#########....
...ooo.o)o)......!
#...5.####5###.#.
#.... #@#
...!..K....../....
##.#.##....###....
#. #.##.# .. # #..
... ... ..# ...
... ..$ #...


You could see Pikel, an orc warrior and a lemure.

Vanquished Creatures
  3 orcs (D:6)
3 creatures vanquished.

Notes
Turn   | Place    | Note
-------+----------+-------------------------------------------
     0 | D:5      | Spectrina the Deep Elf Delver began the quest for the Orb.
     0 | D:5      | Reached XP level 1. HP: 13/13 MP: 3/3
     2 | D:5      | Found a snail-covered altar of Cheibriados.
    11 | D:5      | Became a worshipper of Cheibriados the Contemplative
    26 | D:6      | Noticed a lemure
    26 | D:6      | Noticed a lemure
    26 | D:6      | Noticed an orc warrior
    35 | D:6      | Reached skill level 1 in Invocations
    35 | D:6      | Noticed Pikel
    36 | D:6      | Slain by a lemure

Illustrated notes

Levels and vault maps discovered:
D:5:      layout_loops_ring, nicolae_overflow_hidden_temple, guppyfry_shop_venom
D:6:      layout_basic, grunt_dithmenos_shadows, gup_ossuary_entry_pyramid,
          nicolae_shop_overcharged_wands, uniq_pikel, uniq_eustachio

Skill      XL: |  1 |
---------------+----+-----
Invocations    | 1 |  1.5
Fighting       | |  2.4
Short Blades   | |  2.0
Dodging        | |  2.4
Stealth        | |  6.0

Action                   || total
-------------------------++-------
Melee: Short sword       ||     3
Evoke: Wand              ||     3
Dodge: Dodged            ||     3

Table legend: (Time is in decaauts)
 A = Elapsed time spent in this place.
 B = Non-inter-level travel time spent in this place.
 C = Inter-level travel time spent in this place.
 D = Time resting spent in this place.
 E = Time spent auto-exploring this place.
 F = Levels seen in this place.
 G = Mean time per level.
                   A        B        C        D        E       F      G
               +--------+--------+--------+--------+--------+-----+--------+
         Total |     40 |     40 |      0 |      0 |      0 |   2 |   20.0 |
       Dungeon |     40 |     40 |      0 |      0 |      0 |   2 |   20.0 |
               +--------+--------+--------+--------+--------+-----+--------+

Top non-repeatable levels by time:
     D:5: 25 daAuts
     D:6: 14 daAuts
